 Dungeon Crawl Stone Soup version 0.25-a0-166-g16436c4407 (webtiles) character file.

Game seed: 3067911106595665569, levelgen mode: deterministic

957 Leeroy the Destroyer (level 7, -2/73 (75) HPs)
             Began as a Yellow Draconian Conjurer on Nov 23, 2019.
             Slain by an orc warrior
             ... wielding a +2 trident of venom
              (5 damage)
             ... on level 5 of the Dungeon.
             The game lasted 00:13:51 (6215 turns).

Leeroy the Destroyer (Yellow Draconian Conjurer)    Turns: 6215, Time: 00:13:52

HP:   -2/73 (75)    AC: 23    Str: 14 (17) XL:     7   Next: 91%
MP:   5/15          EV:  2    Int: 14 (15) God:
Gold: 100           SH:  0    Dex: 11 (12) Spells: 6/16 levels left

rFire    . . .     SeeInvis .   w - +0 falchion (drain)
rCold    . . .     Gourm    .   (no shield)
rNeg     + + +     Faith    .   (armour unavailable)
rPois    +         Spirit   .   (helmet currently unavailable)
rElec    .         Reflect  .   (cloak currently unavailable)
rCorr    .         Harm     .   (gloves currently unavailable)
MR       .....     NoTele   +   (boots currently unavailable)
Stlth    ++........             (no amulet)
HPRegen  0.22/turn              (no ring)
MPRegen  0.14/turn              (no ring)

@: mighty, lethally poisoned (-2 -> -32), short of breath, tree-form, very
slightly contaminated
A: (spit acid), unfitting armour, AC +6
a: no special abilities


You were on level 5 of the Dungeon.
You were very hungry.
You were a tree.
You visited 1 branch of the dungeon, and saw 5 of its levels.

You collected 100 gold pieces.

Inventory:

Hand Weapons
 a - a +0 dagger
 i - a +0 short sword
 j - a +2 dagger of draining
 v - a +0 trident
 w - a +0 falchion of draining (weapon)
Missiles
 e - a throwing net (quivered)
 m - 27 poisoned darts
 o - 6 atropa-tipped darts
 t - 10 boomerangs
 C - 4 javelins
Jewellery
 p - a +6 ring of evasion {unknown}
Wands
 d - a wand of random effects (20)
 l - a wand of iceblast (8)
Scrolls
 f - 3 scrolls of amnesia {unknown}
 g - a scroll of enchant armour {unknown}
 h - a scroll of immolation {unknown}
 u - 2 scrolls of teleportation {unknown}
 x - a scroll of remove curse {unknown}
 y - 2 scrolls of identify {unknown}
Potions
 c - a potion of might
 k - a potion of berserk rage {unknown}
 n - a potion of curing {unknown}
 q - a potion of agility {unknown}
 s - a potion of mutation {unknown}
 z - 2 potions of flight
 A - a potion of heal wounds {unknown}
 B - a potion of lignification
Comestibles
 b - 4 rations


   Skills:
 + Level 1.7 Long Blades
 - Level 1.7 Dodging
 - Level 1.7 Stealth
 - Level 5.3 Spellcasting
 - Level 8.0 Conjurations


You had 6 spell levels left.
You knew the following spells:

 Your Spells              Type           Power        Failure   Level  Hunger
a - Magic Dart            Conj           ####         1%          1    None
b - Searing Ray           Conj           ####..       1%          2    ##.....
c - Iskenderun's Mystic   Conj           ####....     6%          4    ####...
d - Dazzling Spray        Conj/Hex       ###...       10%         3    ###....

Your spell library contained the following spells:

 Spells                   Type           Power        Failure   Level  Hunger
 Force Lance              Conj/Tloc      ###.....     32%         4    ####...
 Fulminant Prism          Conj/Hex       ###.......   32%         4    ####...


Dungeon Overview and Level Annotations

Branches:
Dungeon (5/15)
 Temple: D:4-7

Altars:
Kikubaaqudgha
Nemelex Xobeh


Innate Abilities, Weirdness & Mutations

((You can spit globs of acid.))
((Your golden yellow scales are hard. (AC +6)))
You cannot fit into any form of body armour.
((You are cold-blooded and may be slowed by cold attacks.))
((You are resistant to acid. (rCorr)))


Message History

* * * LOW HITPOINT WARNING * * *
You feel very sick.
It was a potion of lignification.
You turn into a tree.
Your roots penetrate the ground.
* * * LOW HITPOINT WARNING * * *
You feel sick.
The orc warrior hits you but does no damage.
It was a potion of flight.
Your roots keep you in place.
* * * LOW HITPOINT WARNING * * *
You feel very sick.
The orc warrior hits you from afar with a +2 trident of venom.
* * * LOW HITPOINT WARNING * * *
You are more poisoned.
It was a potion of degeneration.
There was something very wrong with that liquid.
You feel weakened.
You feel dopey.
You feel clumsy.
* * * LOW HITPOINT WARNING * * *
You feel very sick.
The orc warrior hits you from afar with a +2 trident of venom.
You die...

♣#..## ##...## #
###.....#
..###.......###
..............#
..............#
.....[..).....#..#
........o.♣.....)#
...##.........#..#
#.........#
..............#
#..####.........#
.... ##.........
#.. #......... ..
###......#


You could see an orc warrior.

Vanquished Creatures
  A water moccasin (D:5)
  A phantom (D:2)
  A necrophage (D:4)
  2 ogres (D:4)
  A howler monkey (D:4)
  An orc priest (D:4)
  4 orc wizards
  A bullfrog skeleton (D:4)
  2 iguanas
  2 worker ants (D:4)
  7 adders
  4 gnolls (D:4)
  An adder skeleton (D:4)
  2 worms (D:3)
  5 dart slugs
  3 leopard geckos
  8 orcs
  7 bats
  5 giant cockroaches
  3 hobgoblins
  7 jackals
  4 kobolds
  A ball python (D:2)
  7 frilled lizards
  2 goblins (D:2)
  10 rats
92 creatures vanquished.

Vanquished Creatures (others)
  A kobold (D:2)
1 creature vanquished.

Grand Total: 93 creatures vanquished

Notes
Turn   | Place    | Note
-------+----------+-------------------------------------------
     0 | D:1      | Leeroy the Draconian Conjurer began the quest for the Orb.
     0 | D:1      | Reached XP level 1. HP: 14/14 MP: 3/3
   270 | D:1      | Reached XP level 2. HP: 20/20 MP: 1/5
   274 | D:1      | Learned a level 2 spell: Searing Ray
   775 | D:1      | Reached skill level 5 in Conjurations
  1071 | D:2      | Reached XP level 3. HP: 26/26 MP: 6/6
  1561 | D:2      | You fall into a shaft and drop 2 floors!
  1580 | D:4      | Found a sparkling altar of Nemelex Xobeh.
  1610 | D:4      | Noticed an ogre
  1648 | D:5      | Entered Level 5 of the Dungeon
  1648 | D:5      | Noticed a necrophage
  1729 | D:3      | Reached XP level 4. HP: 6/33 MP: 3/7
  2007 | D:3      | Learned a level 4 spell: Iskenderun's Mystic Blast
  2175 | D:3      | Reached skill level 6 in Conjurations
  3062 | D:2      | Reached XP level 5. HP: 14/38 MP: 8/8
  3112 | D:2      | Noticed a phantom
  3708 | D:4      | Reached skill level 7 in Conjurations
  3866 | D:4      | Reached XP level 6. HP: 40/45 MP: 4/9
  3988 | D:4      | Found an ancient bone altar of Kikubaaqudgha.
  4068 | D:4      | Reached skill level 8 in Conjurations
  4294 | D:5      | Your scales start taking on a golden yellow colour.
  4294 | D:5      | Reached XP level 7. HP: 44/50 MP: 1/11
  4294 | D:5      | Gained mutation: You are resistant to acid. (rCorr) [Yellow
                  | Draconian growth]
  5429 | D:4      | Reached skill level 5 in Spellcasting
  5506 | D:4      | Learned a level 3 spell: Dazzling Spray
  5794 | D:4      | Reached skill level 1 in Long Blades
  6215 | D:5      | HP: 3/73 [poisoned by an orc warrior]
  6215 | D:5      | Slain by an orc warrior

Levels and vault maps discovered:
D:1:      dpeg_arrival_boxes_within_box, layout_loops_cross
D:2:      layout_loops_ring, first_ration
D:3:      layout_loops_ring, serial_bayou_pond_e
D:4:      layout_loops_ring, nemelex_xobeh_ov_fountains_minmay,
          kiku_gazebo_garden_becter
D:5:      cheibrodos_iron_armory, layout_cave_pools

Skill      XL: |  1  2  3  4  5  6  7 |
---------------+----------------------+-----
Conjurations   | 5 6 7 8 |  8.0
Spellcasting   | 3 5 |  5.3
Long Blades    | 1 |  1.7
Dodging        | |  1.7
Stealth        | |  1.7

Action                   |  1- 3 |  4- 6 |  7- 9 || total
-------------------------+-------+-------+-------++-------
Melee: Dagger            |    97 |   142 |    29 ||   268
       Tailslap          |     4 |    10 |     8 ||    22
       Falchion          |       |       |    32 ||    32
       Trident           |       |       |    11 ||    11
 Cast: Magic Dart        |    14 |     2 |       ||    16
       Searing Ray       |     4 |     5 |     2 ||    11
       Iskenderun's Myst |       |     6 |     9 ||    15
       Dazzling Spray    |       |       |     2 ||     2
 Abil: Breathe Acid      |       |       |     1 ||     1
  Use: Potion            |       |       |     4 ||     4
 Stab: Sleeping          |     7 |     1 |       ||     8
  Eat: Chunk             |     3 |     9 |     1 ||    13
       Ration            |       |       |     2 ||     2
Armor: Skin              |    55 |    27 |    20 ||   102
Dodge: Dodged            |   116 |   101 |    43 ||   260
       Rpst.: Falchion   |       |       |     9 ||     9

Table legend:
 A = Non-vault XP
 B = Vault XP
 C = Vault XP percentage of total XP
 D = Non-vault monster count
 E = Vault monster count
 F = Vault count percentage of total count
                 A         B        C        D         E       F
            +---------+---------+-------+---------+---------+-------
      Total |    1368 |       0 |   0.0 |      93 |       0 |   0.0
            +---------+---------+-------+---------+---------+-------
        D:1 |      39 |       0 |   0.0 |      19 |       0 |   0.0
        D:2 |     215 |       0 |   0.0 |      26 |       0 |   0.0
        D:3 |      70 |       0 |   0.0 |      17 |       0 |   0.0
        D:4 |     776 |       0 |   0.0 |      26 |       0 |   0.0
        D:5 |     268 |       0 |   0.0 |       5 |       0 |   0.0
            +---------+---------+-------+---------+---------+-------
